MLB
TAMPA BAY RAYS @ NEW YORK METS
07/06/2018
 
TOP OF THE 1ST
Tampa Bay Rays batting - Pitching for New York Mets : RHP Luis Severino
Pitching: RHP Luis Severino
Batting: RHB A.J. Pollock 0-0: Fly out, F7 (Line Drive, 7)
Batting: LHB Adam Eaton 0-0: Ball
1-0: Called Strike
1-1: Ground out 5-3 (Groundball, 5)
Batting: LHB Joey Votto 0-0: Ball
1-0: Ball
2-0: Ball
3-0: Base on Balls
Batting: RHB Gary Sanchez 0-0: Fly out, F4 (Popup, 34)
Top of the 1st over - 0 runs, 0 hits, 0 errors, 1 left on base; Tampa Bay 0 - New York 0
BOTTOM OF THE 1ST
New York Mets batting - Pitching for Tampa Bay Rays : RHP Jake Arrieta
Pitching: RHP Jake Arrieta
Batting: SHB Ian Happ 0-0: Foul Ball, location: 2F
0-1: Foul Ball, location: 2F
0-2: Strikes out looking
Batting: RHB Starlin Castro 0-0: Called Strike
0-1: Swinging Strike
0-2: Ball
1-2: Fly out, F7 (Line Drive, 7)
Batting: LHB Mitch Moreland 0-0: Called Strike
0-1: Called Strike
0-2: Strikes out swinging
Bottom of the 1st over - 0 runs, 0 hits, 0 errors, 0 left on base; Tampa Bay 0 - New York 0
TOP OF THE 2ND
Tampa Bay Rays batting - Pitching for New York Mets : RHP Luis Severino
Batting: LHB Michael Conforto 0-0: Ball
1-0: Ball
2-0: Ball
3-0: Called Strike
3-1: Base on Balls
Batting: SHB Neil Walker 0-0: Ball
1-0: Ball
2-0: Fielders Choice at 2nd, 5-4 (Groundball, 56)
Batting: RHB Adrian Beltre 0-0: Swinging Strike
0-1: Swinging Strike
0-2: Strikes out swinging
Batting: RHB Jake Arrieta 0-0: Ball
1-0: Called Strike
1-1: Swinging Strike
1-2: Foul Ball, location: 2F
1-2: Strikes out swinging, 2-3 out at first.
Top of the 2nd over - 0 runs, 0 hits, 0 errors, 1 left on base; Tampa Bay 0 - New York 0
BOTTOM OF THE 2ND
New York Mets batting - Pitching for Tampa Bay Rays : RHP Jake Arrieta
Batting: LHB Travis Shaw 0-0: Ball
1-0: Called Strike
1-1: Ground out 6-3 (Groundball, 4)
Batting: LHB Eddie Rosario 0-0: Called Strike
0-1: Ball
1-1: Foul Ball, location: 2F
1-2: Foul Ball, location: 2F
1-2: Ball
2-2: Ball
3-2: Foul Ball, location: 2F
3-2: SINGLE (Line Drive, 3D)
Batting: LHB Scott Schebler 0-0: Ball
1-0: Ball
2-0: Called Strike
2-1: Called Strike
2-2: Ball
3-2: Fly out, F7 (Flyball, 7)
Batting: RHB Salvador Perez 0-0: Called Strike
0-1: Fly out, F8 (Flyball, 8LXD)
Bottom of the 2nd over - 0 runs, 1 hit, 0 errors, 1 left on base; Tampa Bay 0 - New York 0
TOP OF THE 3RD
Tampa Bay Rays batting - Pitching for New York Mets : RHP Luis Severino
Batting: RHB Matt Duffy 0-0: Called Strike
0-1: Fly out, F4 (Popup, 4D)
Batting: RHB A.J. Pollock 0-0: Swinging Strike
0-1: SINGLE (Groundball, 6MD)
Batting: LHB Adam Eaton 0-0: Ball
1-0: Swinging Strike
1-1: Ball
2-1: Called Strike
2-2: Fly out, F7 (Line Drive, 7)
Batting: LHB Joey Votto 0-0: Ball
1-0: Ball
A.J. Pollock steals 2nd base
2-0: Called Strike
2-1: Ball
3-1: Swinging Strike
3-2: Base on Balls
Batting: RHB Gary Sanchez 0-0: Foul Ball, location: 2F
0-1: Foul Ball, location: 2F
0-2: Ball
1-2: Strikes out swinging
Top of the 3rd over - 0 runs, 1 hit, 0 errors, 2 left on base; Tampa Bay 0 - New York 0
BOTTOM OF THE 3RD
New York Mets batting - Pitching for Tampa Bay Rays : RHP Jake Arrieta
Batting: RHB Nick Ahmed 0-0: Ball
1-0: Bunt missed!
1-1: Ground out 5-3 (Groundball, 56)
Batting: RHB Luis Severino 0-0: Called Strike
0-1: Ball
1-1: Foul Ball, location: 2F
1-2: Foul Ball, location: 2F
1-2: Strikes out swinging
Batting: SHB Ian Happ 0-0: Swinging Strike
0-1: Swinging Strike
0-2: Ball
1-2: Ball
2-2: Ground out 1-3 (Groundball, 13)
Bottom of the 3rd over - 0 runs, 0 hits, 0 errors, 0 left on base; Tampa Bay 0 - New York 0
TOP OF THE 4TH
Tampa Bay Rays batting - Pitching for New York Mets : RHP Luis Severino
Batting: LHB Michael Conforto 0-0: Fly out, F8 (Flyball, 78M)
Batting: SHB Neil Walker 0-0: SINGLE (Line Drive, 7LS)
Batting: RHB Adrian Beltre 0-0: Ball
1-0: Called Strike
1-1: Ball
2-1: Foul Ball, location: 2F
2-2: Ball
3-2: Foul Ball, location: 2F
3-2: Fly out, F6 (Popup, P)
Batting: RHB Jake Arrieta 0-0: Ball
1-0: Ball
2-0: Ball
3-0: Base on Balls
Neil Walker to second
Batting: RHB Matt Duffy 0-0: Called Strike
0-1: Foul Ball, location: 2F
0-2: Fielders Choice at 2nd, 6-4 (Groundball, 6)
Top of the 4th over - 0 runs, 1 hit, 0 errors, 2 left on base; Tampa Bay 0 - New York 0
BOTTOM OF THE 4TH
New York Mets batting - Pitching for Tampa Bay Rays : RHP Jake Arrieta
Batting: RHB Starlin Castro 0-0: Ground out U3 (Groundball, 34)
Batting: LHB Mitch Moreland 0-0: Ground out 6-3 (Groundball, 4)
Batting: LHB Travis Shaw 0-0: Called Strike
0-1: Called Strike
0-2: Ball
1-2: Ball
2-2: Ball
3-2: Base on Balls
Batting: LHB Eddie Rosario 0-0: Ball
1-0: Ball
Balk!
Travis Shaw to second
2-0: Foul Ball, location: 2F
2-1: Foul Ball, location: 2F
2-2: Foul Ball, location: 2F
2-2: Ball
3-2: Foul Ball, location: 2F
3-2: Foul Ball, location: 2F
3-2: Ground out 4-3 (Groundball, 4)
Bottom of the 4th over - 0 runs, 0 hits, 0 errors, 1 left on base; Tampa Bay 0 - New York 0
TOP OF THE 5TH
Tampa Bay Rays batting - Pitching for New York Mets : RHP Luis Severino
Batting: RHB A.J. Pollock 0-0: Called Strike
0-1: Fly out, F8 (Flyball, 8LS)
Batting: LHB Adam Eaton 0-0: Ball
1-0: Foul Ball, location: 2F
1-1: Swinging Strike
1-2: Ground out 6-3 (Groundball, 4MD)
Batting: LHB Joey Votto 0-0: Swinging Strike
0-1: Ball
1-1: Fly out, F9 (Flyball, 9S)
Top of the 5th over - 0 runs, 0 hits, 0 errors, 0 left on base; Tampa Bay 0 - New York 0
BOTTOM OF THE 5TH
New York Mets batting - Pitching for Tampa Bay Rays : RHP Jake Arrieta
Batting: LHB Scott Schebler 0-0: Bunt - Flyout to 56S! F1
Batting: RHB Salvador Perez 0-0: Called Strike
0-1: Called Strike
0-2: SINGLE (Groundball, 6MD)
Batting: RHB Nick Ahmed 0-0: Called Strike
Salvador Perez is caught stealing 2nd base 2-4
0-1: Ground out 5-3 (Groundball, 56)
Bottom of the 5th over - 0 runs, 1 hit, 0 errors, 0 left on base; Tampa Bay 0 - New York 0
TOP OF THE 6TH
Tampa Bay Rays batting - Pitching for New York Mets : RHP Luis Severino
Batting: RHB Gary Sanchez 0-0: Fly out, F9 (Flyball, 9LM)
Batting: LHB Michael Conforto 0-0: Ball
1-0: Swinging Strike
1-1: Swinging Strike
1-2: Strikes out swinging
Batting: SHB Neil Walker 0-0: Foul Ball, location: 2F
0-1: Called Strike
0-2: Strikes out looking
Top of the 6th over - 0 runs, 0 hits, 0 errors, 0 left on base; Tampa Bay 0 - New York 0
BOTTOM OF THE 6TH
New York Mets batting - Pitching for Tampa Bay Rays : RHP Jake Arrieta
Batting: RHB Luis Severino 0-0: Ball
1-0: Ball
2-0: Ball
3-0: Called Strike
3-1: Swinging Strike
3-2: Foul Ball, location: 2F
3-2: Strikes out swinging
Batting: SHB Ian Happ 0-0: Ball
1-0: Ground out 6-3 (Groundball, 6)
Batting: RHB Starlin Castro 0-0: Ball
1-0: SINGLE (Line Drive, 56D)
Batting: LHB Mitch Moreland 0-0: Foul Ball, location: 2F
0-1: Ball
1-1: Ball
2-1: Foul Ball, location: 2F
2-2: Ball
3-2: Ground out 6-3 (Groundball, 4M)
Bottom of the 6th over - 0 runs, 1 hit, 0 errors, 1 left on base; Tampa Bay 0 - New York 0
TOP OF THE 7TH
Tampa Bay Rays batting - Pitching for New York Mets : RHP Luis Severino
Batting: RHB Adrian Beltre 0-0: Called Strike
0-1: Reached on error, E1 (Groundball, P)
Batting: RHB Jake Arrieta 0-0: Foul Ball, location: 2F
0-1: Swinging Strike
0-2: Strikes out swinging
Batting: RHB Matt Duffy 0-0: Ball
1-0: Ball
2-0: Called Strike
2-1: Ball
3-1: Fly out, F3 (Popup, 3S)
Batting: RHB A.J. Pollock 0-0: Called Strike
0-1: Ball
1-1: Swinging Strike
1-2: Ball
2-2: Foul Ball, location: 2F
2-2: Fly out, F7 (Flyball, 78D)
Top of the 7th over - 0 runs, 0 hits, 1 error, 1 left on base; Tampa Bay 0 - New York 0
BOTTOM OF THE 7TH
New York Mets batting - Pitching for Tampa Bay Rays : RHP Jake Arrieta
Batting: LHB Travis Shaw 0-0: SOLO HOME RUN (Flyball, 7LD), Distance : 348 ft
Batting: LHB Eddie Rosario 0-0: Fly out, F7 (Line Drive, 7)
Batting: LHB Scott Schebler 0-0: Called Strike
0-1: Swinging Strike
0-2: Strikes out looking
Batting: RHB Salvador Perez 0-0: Called Strike
0-1: Ground out 6-3 (Groundball, 6)
Bottom of the 7th over - 1 run, 1 hit, 0 errors, 0 left on base; Tampa Bay 0 - New York 1
TOP OF THE 8TH
Tampa Bay Rays batting - Pitching for New York Mets : RHP Luis Severino
Pitching: RHP Steve Cishek
Batting: LHB Adam Eaton 0-0: Ball
1-0: Ground out 1-3 (Groundball, 34S)
Batting: LHB Joey Votto 0-0: Ball
1-0: Called Strike
1-1: Called Strike
1-2: Fly out, F7 (Flyball, 7S)
Batting: RHB Gary Sanchez 0-0: Ball
1-0: Called Strike
1-1: Ball
2-1: Ball
3-1: Foul Ball, location: 2F
3-2: Foul Ball, location: 2F
3-2: Ground out 6-3 (Groundball, 6MD)
Top of the 8th over - 0 runs, 0 hits, 0 errors, 0 left on base; Tampa Bay 0 - New York 1
BOTTOM OF THE 8TH
New York Mets batting - Pitching for Tampa Bay Rays : RHP Jake Arrieta
Batting: RHB Nick Ahmed 0-0: Ball
1-0: Swinging Strike
1-1: Swinging Strike
1-2: Ball
2-2: Ball
3-2: Strikes out looking
Pinch Hitting: SHB Jonathan Villar 0-0: Foul Ball, location: 2F
0-1: Ball
1-1: Ball
2-1: Foul Ball, location: 2F
2-2: Ball
3-2: Foul Ball, location: 2F
3-2: SINGLE (Groundball, 4D)
Pitching: LHP James Pazos
Batting: SHB Ian Happ 0-0: Ball
1-0: Called Strike
Jonathan Villar steals 2nd base (no throw)
1-1: Swinging Strike
1-2: Strikes out swinging
Batting: RHB Starlin Castro 0-0: Ball
1-0: Ground out 2-3 (Groundball, 15S)
Bottom of the 8th over - 0 runs, 1 hit, 0 errors, 1 left on base; Tampa Bay 0 - New York 1
TOP OF THE 9TH
Tampa Bay Rays batting - Pitching for New York Mets : RHP Steve Cishek
Pitching: RHP Corey Knebel
Batting: LHB Michael Conforto 0-0: SINGLE (Line Drive, 3D)
Batting: SHB Neil Walker 0-0: Called Strike
0-1: Ball
1-1: Called Strike
1-2: Ball
2-2: Fly out, F4 (Line Drive, 3)
Batting: RHB Adrian Beltre 0-0: Ball
1-0: Ball
2-0: Reached on error, E5 (Groundball, 5)
Michael Conforto to second
Pinch Hitting: LHB Chris Davis 0-0: Foul Ball, location: 2F
0-1: Foul Ball, location: 2F
0-2: Ball
1-2: Foul Ball, location: 2F
1-2: Ball
2-2: Strikes out swinging
Batting: RHB Matt Duffy 0-0: Ball
1-0: Ball
2-0: Ball
3-0: Base on Balls
Michael Conforto to third
Adrian Beltre to second
Batting: RHB A.J. Pollock 0-0: Called Strike
0-1: Ball
1-1: Ball
2-1: Foul Ball, location: 2F
2-2: Foul Ball, location: 2F
2-2: Strikes out swinging
Top of the 9th over - 0 runs, 1 hit, 1 error, 3 left on base; Tampa Bay 0 - New York 1
Tuesday, September 11th, 2018 - OOTP Baseball 19.8 Build 79